 Dungeon Crawl Stone Soup version 0.14-a0-2034-gd6cb3fa (webtiles) character file.

128 Kae the Insei (level 4, 0/28 HPs)
             Began as an Octopode Transmuter on Jan 20, 2014.
             Succumbed to an adder's poison
             ... while paralysed by a potion of paralysis
             ... on Level 2 of the Dungeon.
             The game lasted 00:03:29 (2120 turns).

Kae the Insei (Octopode Transmuter)                 Turns: 2120, Time: 00:03:29

HP   0/28        AC  1     Str  9      XL: 4   Next: 48%
MP   7/7         EV  2     Int 15      God:
Gold 43          SH  0     Dex 13      Spells:  2 memorised,  4 levels left

rFire  . . .     SeeInvis .       - Unarmed
rCold  . . .     Clarity  .     (no shield)
rNeg   . . .     Conserve .     (helmet restricted)
rPois  .         rCorr    .     (no amulet)
rElec  .         rRot     .     (no ring)
SustAb . .       Spirit   .     (no ring)
rMut   .         Warding  .     (no ring)
Saprov . . .     Stasis   .     (no ring)
MR     .....                    (no ring)
                                (no ring)
                                (no ring)
                                (no ring)

@: appendage (expiring), paralysed, mildly poisoned, very slightly contaminated,
hasted, not resistant to hostile enchantments, fairly stealthy
A: almost no armour, amphibious, 8 rings, constrict 8, spike 3, camouflage 1,
gelatinous body 1
a: End Transformation


You were on level 2 of the Dungeon.
You were not hungry.
One of your tentacles had a temporary spike.
You visited 1 branch of the dungeon, and saw 2 of its levels.

You collected 43 gold pieces.

Inventory:

Missiles
 b - 12 arrows
Comestibles
 a - 2 bread rations
 j - a lychee
 l - a chunk of hobgoblin flesh
 m - a meat ration
 n - a chunk of bat flesh
Scrolls
 c - 3 scrolls of curse jewellery {unknown}
 e - 2 scrolls of remove curse {unknown}
 g - 2 scrolls of teleportation {unknown}
 h - a scroll of fear {unknown}
 i - a scroll of identify {unknown}
Books
 d - a book of Changes

   Spells                             Type                      Level
   *Beastly Appendage                 Transmutation                1
   *Sticks to Snakes                  Transmutation                2
   Spider Form                        Transmutation/Poison         3
   Ice Form                           Ice/Transmutation            4
   Blade Hands                        Transmutation                5


   Skills:
 - Level 1.0 Fighting
 - Level 2.0 Dodging
 * Level 4.6 Unarmed Combat
 - Level 2.0 Spellcasting
 + Level 2.9 Transmutations


You had 4 spell levels left.
You knew the following spells:

 Your Spells              Type           Power        Failure   Level  Hunger
a - Beastly Appendage     Trmt           ##....       10%         1    #......
b - Sticks to Snakes      Trmt           ##........   12%         2    ###....


Dungeon Overview and Level Annotations

Branches:
Dungeon (2/16)

Altars:
Ashenzari


Innate Abilities, Weirdness & Mutations

You cannot wear most types of armour.
You are amphibious.
You can wear up to eight rings at the same time.
You can use your tentacles to constrict many enemies at once.
Your skin changes colour to match your surroundings (Stlth).
Your rubbery body absorbs attacks (AC +1).
One of your tentacles bears a large vicious spike.


Message History

* * * LOW HITPOINT WARNING * * *
You feel sick. The bat closely misses you. The bat barely misses you.
The giant cockroach misses you.
Unknown command.
You hit the bat.
You kill the bat!
Your transformation is almost over.
The giant cockroach bites you.
* * * LOW HITPOINT WARNING * * *
You hit the giant cockroach.
You kill the giant cockroach!
Drink which item? (? for menu, Esc to quit)
You feel yourself speed up.
It was a potion of speed.
You are very lightly contaminated with residual magic.
Drink which item? (? for menu, Esc to quit)
You suddenly lose the ability to move!
It was a potion of paralysis.
* * * LOW HITPOINT WARNING * * *
You feel sick.
You feel a little better.
You die...

############ ...........#
######### ...........#
###........
...........###.+%........
................@........
........####b####........
........##.....##.?.....
....(..)#.......#.####'#
.######.#.......#.# # .##
#....._.....# ..##
#.#.......#.# #..#
#)#.......#...
##.###..##.....##.


There were no monsters in sight!

Vanquished Creatures
  3 adders (D:2)
  An inept feature mimic (D:2)
  A worm (D:1)
  2 oozes
  A ball python (D:2)
  9 bats
  3 giant cockroaches
  6 hobgoblins
  7 kobolds
  2 giant newts (D:1)
  6 goblins
41 creatures vanquished.

Notes
Turn   | Place    | Note
--------------------------------------------------------------
     0 | D:1      | Kae, the Octopode Transmuter, began the quest for the Orb.
     0 | D:1      | Reached XP level 1. HP: 13/13 MP: 3/3
   136 | D:1      | Reached XP level 2. HP: 12/18 MP: 4/4
   386 | D:1      | Learned a level 2 spell: Sticks to Snakes
   594 | D:1      | Reached XP level 3. HP: 16/23 MP: 4/6
   926 | D:1      | Reached skill level 4 in Unarmed Combat
  1580 | D:2      | Reached XP level 4. HP: 7/28 MP: 7/7
  2083 | D:2      | Found a shattered altar of Ashenzari.
  2113 | D:2      | HP: 1/28 [giant cockroach (2)]
  2116 | D:2      | Paralysed by a potion of paralysis for 4 turns
  2120 | D:2      | Succumbed to an adder's poison

Action                   |  1- 3 |  4- 6 || total
-------------------------+-------+-------++-------
Melee: Unarmed           |    77 |    27 ||   104
 Cast: Beastly Appendage |     5 |     1 ||     6
  Use: Potion            |       |     2 ||     2
 Stab: Distracted        |     1 |       ||     1
       Sleeping          |     2 |       ||     2
